 Dungeon Crawl Stone Soup version 0.18-a0-5-gf1fb587 (webtiles) character file.

58 radek the Conjurer (level 3, 0/19 HPs)
             Began as a Deep Elf Conjurer on Oct 31, 2015.
             Slain by a goblin (2 damage)
             ... led by Robin
             ... on level 2 of the Dungeon.
             The game lasted 00:06:22 (1565 turns).

radek the Conjurer (Deep Elf Conjurer)              Turns: 1565, Time: 00:06:23

Health: 0/19       AC:  2    Str:  6    XL:     3   Next: 76%
Magic:  1/9        EV: 13    Int: 19    God:
Gold:   66         SH:  0    Dex: 15    Spells: 1 memorised, 7 levels left

rFire  . . .     SeeInvis .     j - +0 hunting sling
rCold  . . .     Clarity  .     a - +0 robe
rNeg   . . .     SustAt   .     (no shield)
rPois  .         Gourm    .     (no helmet)
rElec  .         Spirit   .     (no cloak)
rCorr  .         Warding  .     (no gloves)
rMut   .         Rnd*Tele +     (no boots)
MR     .....                    (no amulet)
Stlth  ++........               (no ring)
                                k - ring of teleportation

@: not resistant to hostile enchantments, unstealthy
A: no striking features
a: Evoke Teleportation


You were on level 2 of the Dungeon.
You were not hungry.

You visited 1 branch of the dungeon, and saw 2 of its levels.

You collected 66 gold pieces.

Inventory:

Hand Weapons
 i - a -1 short sword
 j - a +0 hunting sling (weapon)
Missiles
 l - 2 stones (quivered)
Armour
 a - a +0 robe (worn)
Jewellery
 k - a ring of teleportation (left hand)
Scrolls
 h - a scroll of magic mapping {unknown}
Potions
 e - 3 potions of heal wounds {unknown}
 f - 3 potions of might {unknown}
 g - a potion of resistance {unknown}
Books
 b - a book of Conjurations

   Spells                             Type                      Level
   a - Magic Dart                     Conjuration                  1
   b - Searing Ray                    Conjuration                  2
   c - Dazzling Spray                 Conjuration/Hexes            3
   d - Fulminant Prism                Conjuration/Hexes            4
   e - Iskenderun's Mystic Blast      Conjuration                  4
   f - Iskenderun's Battlesphere      Conjuration/Charms           5
Comestibles
 c - 2 bread rations
 d - a chunk of flesh


   Skills:
 - Level 2.4 Dodging
 - Level 2.4 Stealth
 - Level 3.0 Spellcasting
 + Level 6.0 Conjurations


You had 7 spell levels left.
You knew the following spells:

 Your Spells              Type           Power        Failure   Level  Hunger
a - Magic Dart            Conj           ####         1%          1    None


Dungeon Overview and Level Annotations

Branches:
Dungeon (2/15)

Altars:
Gozag

Shops:
D:2 *

Annotations:
D:2 Robin


Message History

The goblin closely misses you.
Firing (i - inventory):
l - 5 stones (quivered)
Press: ? - help, Shift-Dir - straight line, f/p - goblin
Aim: a goblin (heavily wounded, consumed by blood-lust)
You shoot a stone. The stone closely misses the goblin.
Robin's bangles clink loudly.
The goblin misses you. The goblin barely misses you.
Robin roars a battlecry!
The goblin goes into a battle-frenzy!
Firing (i - inventory):
l - 4 stones (quivered)
Press: ? - help, Shift-Dir - straight line, f/p - goblin
Aim: a goblin (heavily wounded, consumed by blood-lust)
You shoot a stone. The stone closely misses the goblin.
The goblin hits you.
* * * LOW HITPOINT WARNING * * *
The goblin barely misses you.
Firing (i - inventory):
l - 3 stones (quivered)
Press: ? - help, Shift-Dir - straight line, f/p - goblin
Aim: a goblin (heavily wounded, consumed by blood-lust)
You shoot a stone. The stone closely misses the goblin.
The goblin hits you.
You die...

##........#
#........(. #
#.≈≈.≈≈..# .
#.≈...≈..# #.
#.≈._.≈..#
#.##≈≈...≈≈.#.
#...≈g.)..≈...
#...≈.@)⌠.≈(#
#.#.##≈..g..≈##
#....g≈†).⌠.≈#
..###)≈.....≈#
....≈≈≈≈≈≈≈#
....#.......#######.
....#.########......
g..
#................ g
#.######.#.......


You could see Robin and 2 goblins.

Vanquished Creatures
  An adder (D:2)
  2 oozes (D:1)
  4 bats
  2 giant cockroaches
  7 hobgoblins
  6 kobolds (D:1)
  2 giant newts (D:1)
  11 goblins
  4 rats (D:1)
39 creatures vanquished.

Notes
Turn   | Place    | Note
--------------------------------------------------------------
     0 | D:1      | radek the Deep Elf Conjurer began the quest for the Orb.
     0 | D:1      | Reached XP level 1. HP: 10/10 MP: 6/6
    10 | D:1      | Noticed an electric eel
   181 | D:1      | Reached XP level 2. HP: 15/15 MP: 5/8
   357 | D:1      | Reached skill level 5 in Conjurations
   699 | D:1      | Reached XP level 3. HP: 19/19 MP: 1/9
  1539 | D:2      | Found Gozag's Platinum Reserve.
  1539 | D:2      | Found an opulent altar of Gozag.
  1540 | D:2      | Noticed Robin
  1556 | D:2      | Reached skill level 6 in Conjurations
  1565 | D:2      | Slain by a goblin

Vault maps used:
D:1:      arrival_aquarium_a
D:2:      lemuel_doored_altar, nicolae_gozag_zags_fifth_avenue, first_bread,
          trog_book, uniq_robin

Action                   || total
-------------------------++-------
Melee: Unarmed           ||     1
 Fire: Hunting sling     ||    10
 Cast: Magic Dart        ||    82
  Use: Scroll            ||     1
  Eat: Chunk             ||     2
